Construct Section Command Post
Selects Air and Sea Battlegroup
Construct Platoon Command Post
Construct Field Infirmary
6-pounder Anti-tank Gun Team
Unlock Bishop Self-propelled Artillery
Construct Company Command Post
Selects Commando Section Paradrop
Commando Section Paradrop
Construct Field Infirmary
Construct Field Infirmary
Unlock M3 Grant Medium Tanks
Selects Commando Support Section Paradrop
Construct Field Infirmary
Selects Anti-tank Rocket Loiter
Selects Centaur Medium Tank
Selects Naval Bombardment
Construct Field Infirmary